 Dungeon Crawl Stone Soup version 0.26-a0-712-ga5a9c9c9d0 (webtiles) character file.

Game seed: 5965543981784054051

1197 ANON1729 the Vandal (level 8, -5/72 HPs)
             Began as a Deep Dwarf Hunter on Nov 1, 2020.
             Slain by an ogre
             ... wielding a +0 giant spiked club
              (6 damage)
             ... on level 5 of the Dungeon.
             The game lasted 00:10:50 (3907 turns).

ANON1729 the Vandal (Deep Dwarf Hunter)             Turns: 3907, Time: 00:10:50

Health: -5/72      AC:  6    Str: 16    XL:     8   Next: 20%
Magic:  8/8        EV: 14    Int: 14    God:
Gold:   115        SH:  0    Dex: 13    Spells: 14/14 levels left

rFire    . . .     SeeInvis .   a - +1 hunting sling
rCold    . . .     Faith    .   (no shield)
rNeg     . . .     Spirit   .   v - +0 robe (curse)
rPois    .         Reflect  .   i - +2 helmet
rElec    .         Harm     .   (no cloak)
rCorr    .         Rampage  .   y - +0 pair of gloves
MR       +....                  (no boots)
Stlth    ++........             w - amulet of the acrobat
HPRegen  0.00/turn              l - ring of attention (curse)
MPRegen  0.11/turn              (no ring)

@: non-regenerating
A: damage resistance, heal wounds, sense surroundings 1, no regeneration
a: Heal Wounds


You were on level 5 of the Dungeon.
You visited 2 branches of the dungeon, and saw 6 of its levels.

You collected 229 gold pieces.
You spent 114 gold pieces at shops.

Inventory:

Hand Weapons
 a - a +1 hunting sling (weapon)
 b - a +0 short sword
 m - a +2 short sword of holy wrath
Missiles
 d - 28 sling bullets
 o - 131 stones (quivered)
Armour
 c - a +0 leather armour
 i - a +2 helmet (worn)
 v - a cursed +0 robe (worn)
 y - a +0 pair of gloves (worn)
Jewellery
 j - an uncursed amulet of reflection
 l - a cursed ring of attention (left hand)
 w - an amulet of the acrobat (around neck)
Wands
 D - a wand of disintegration (13)
 G - a wand of digging (6)
Scrolls
 e - 7 scrolls of identify {unknown}
 q - 2 scrolls of fear {unknown}
 r - 4 scrolls of remove curse {unknown}
 t - 2 scrolls of random uselessness {unknown}
 u - a scroll of blinking {unknown}
 x - a scroll of magic mapping
 E - 3 scrolls of vulnerability {unknown}
 F - 2 scrolls of teleportation {unknown}
 H - a scroll of holy word {unknown}
Potions
 f - 3 potions of flight {unknown}
 g - 6 potions of curing
 h - 4 potions of resistance {unknown}
 k - 2 potions of degeneration {unknown}
 n - 2 potions of ambrosia {unknown}
 p - 2 potions of magic {unknown}
 s - a potion of heal wounds {unknown}
 z - 2 potions of invisibility {unknown}
 A - a potion of lignification {unknown}
 B - a potion of stabbing {unknown}
 C - 2 potions of cancellation {unknown}


   Skills:
 + Level 4.1 Fighting
 + Level 6.4 Slings
 + Level 5.1 Dodging
 + Level 5.6 Stealth
 * Level 3.7 Spellcasting


You had 14 spell levels left.
You didn't know any spells.
Your spell library was empty.

Dungeon Overview and Level Annotations

Branches:
Dungeon (5/15)             Temple (1/1) D:5

Altars:
Ashenzari
Cheibriados
Dithmenos
Elyvilon
Fedhas
Gozag
Kikubaaqudgha
Makhleb
Nemelex Xobeh
Okawaru
Qazlal
Ru
Sif Muna
Trog
Uskayaw
Vehumet
Wu Jian
Xom
Yredelemnul
Zin
The Shining One

Shops:
D:4 *

Annotations:
D:4 3 runed translucent doors, loom's ghost, novice DrIE


Innate Abilities, Weirdness & Mutations

You are resistant to damage.
You can heal yourself by infusing magical energy.
You passively map a small area around you.
You do not regenerate.


Message History

* * * LOW HITPOINT WARNING * * *
You completely miss the ogre. The ogre misses you.
You clumsily bash the ogre but do no damage.
The ogre closely misses you.
You clumsily bash the ogre but do no damage.
The ogre misses you.
You clumsily bash the ogre but do no damage.
The ogre hits you with a +0 giant spiked club!!
* * * LOW HITPOINT WARNING * * *
You clumsily bash the ogre but do no damage.
The ogre closely misses you.
You clumsily bash the ogre but do no damage.
The ogre closely misses you.
You clumsily bash the ogre but do no damage.
The ogre misses you.
You clumsily bash the ogre but do no damage.
The ogre barely misses you.
You barely miss the ogre.
The ogre hits you with a +0 giant spiked club!
You die...

...#.......'...'.......#.####....
...#.......#...#.......#.# #....
...##.....##...##.....##.####....
...###...###...###...##....#.....
...# ##### #...# #####........##.
...# , *#...#*#...##....##.##.
#..# ,,, *#...##.....##..###.#..
...#, , , ,#...#.......#..##.....
...#, +...'@O..$..#......... ...#
,,^ , #...#.......#......... ...#
, ##...##.....##.........
...###,, #....###...##..........
....>######......#####...........
......##..................#.#....
......##..#...#..........####....
..#.......#.###..........###...##
#.###......###............#....##


You could see an ogre.

Vanquished Creatures
  An ogre (D:5)
  A phantom (D:4)
  A centaur (D:5)
  A gnoll sergeant (D:5)
  2 scorpions
  A bullfrog zombie (D:5)
  A jelly (D:3)
  5 hounds
  An orc priest (D:4)
  2 gnoll shamans (D:5)
  A bullfrog skeleton (D:4)
  Terence (D:2)
  Natasha (thrice) (D:2)
  A worker ant (D:4)
  22 gnolls
  5 adders
  3 worms
  2 dart slugs
  A leopard gecko (D:1)
  8 orcs
  2 giant cockroaches
  6 goblins
  6 hobgoblins
  5 jackals
  3 quokkas
  11 bats
  4 frilled lizards
  A jackal skeleton (D:4)
  5 kobolds
  A leopard gecko skeleton (D:4)
  A quokka skeleton (D:5)
  5 rats
113 creatures vanquished.

Vanquished Creatures (others)
  A plant (D:5)
1 creature vanquished.

Grand Total: 114 creatures vanquished

Notes
Turn   | Place    | Note
-------+----------+-------------------------------------------
     0 | D:1      | ANON1729 the Deep Dwarf Hunter began the quest for the Orb.
     0 | D:1      | Reached XP level 1. HP: 19/19 MP: 1/1
   180 | D:1      | Reached XP level 2. HP: 24/26 MP: 2/2
   575 | D:2      | Noticed Natasha
   582 | D:2      | Killed Natasha
   582 | D:2      | Reached XP level 3. HP: 22/33 MP: 3/3
   583 | D:2      | Found a faded altar of an unknown god.
   627 | D:2      | Noticed Terence
   635 | D:2      | Killed Terence
   635 | D:2      | Reached XP level 4. HP: 23/40 MP: 4/4
   653 | D:2      | Reached skill level 5 in Slings
   689 | D:2      | Noticed Natasha
   695 | D:2      | Killed Natasha
   963 | D:2      | Noticed Natasha
   969 | D:2      | Killed Natasha
   969 | D:2      | Reached XP level 5. HP: 28/48 MP: 5/5
  1902 | D:3      | Reached skill level 1 in Spellcasting
  1902 | D:3      | Reached XP level 6. HP: 56/56 MP: 6/6
  2056 | D:4      | Found Qualodex's General Store.
  2087 | D:4      | Found a runed translucent gate.
  2089 | D:4      | Found a runed translucent gate.
  2093 | D:4      | Found a runed translucent gate.
  2093 | D:4      | Noticed loom's ghost (novice DrIE)
  2095 | D:4      | Identified the +3 whip "Yrhakion" {chaos, MR+ Int+6}
  2107 | D:4      | Bought a scroll of magic mapping for 42 gold pieces
  2261 | D:4      | Bought 2 potions of curing for 72 gold pieces
  2445 | D:4      | Reached XP level 7. HP: 25/62 MP: 9/9
  2697 | D:5      | Entered Level 5 of the Dungeon
  2764 | D:5      | Found a staircase to the Ecumenical Temple.
  2820 | Temple   | Entered the Ecumenical Temple
  3095 | D:5      | Reached skill level 6 in Slings
  3249 | D:5      | Reached skill level 5 in Stealth
  3536 | D:5      | Reached XP level 8. HP: 40/72 MP: 9/9
  3544 | D:5      | Reached skill level 5 in Dodging
  3902 | D:5      | HP: 1/72 [ogre/+0 giant spiked club (20)]
  3907 | D:5      | Slain by an ogre

Illustrated notes

Levels and vault maps discovered:
D:1:      grunt_arrival_crossed_arrows, layout_rooms, minmay_quantized
D:2:      layout_basic, chequers_ecumenical_altar_simple_redux, uniq_terence,
          uniq_natasha
D:3:      layout_loops_ring
D:4:      layout_rooms, gammafunk_ghost_nasty_kobolds, serial_shops, shop
D:5:      kennysheep_six_static_rooms, layout_cave_pools,
          minmay_temple_entry_gardened_gates, serial_gnoll_camp,
          gnoll_camp_medium_02, gnoll_camp_mini_sergeant,
          gnoll_camp_mini_doghouse, gnoll_camp_mini_hut, gnoll_camp_mini_house,
          gnoll_camp_mini_loothouse
Temple:   minmay_crystal_snake_temple

Skill      XL: |  1  2  3  4  5  6  7  8 |
---------------+-------------------------+-----
Fighting       | 2 3 4 |  4.1
Stealth        | 2 3 4 5 |  5.6
Dodging        | 3 4 5 |  5.1
Slings         | 5 6 |  6.4
Spellcasting   | 1 2 3 |  3.7

Action                   |  1- 3 |  4- 6 |  7- 9 || total
-------------------------+-------+-------+-------++-------
Melee: Hunting sling     |       |       |    13 ||    13
 Fire: Hunting sling     |    77 |   216 |   222 ||   515
 Abil: Heal Wounds       |       |     2 |     8 ||    10
Armor: Leather armour    |     6 |     4 |       ||    10
       Robe              |       |     8 |    25 ||    33
Dodge: Dodged            |    11 |    53 |   102 ||   166
Block: Other             |       |     6 |       ||     6
       Reflection        |       |     1 |       ||     1

Table legend: (Time is in decaauts)
 A = Elapsed time spent in this place.
 B = Non-inter-level travel time spent in this place.
 C = Inter-level travel time spent in this place.
 D = Time resting spent in this place.
 E = Time spent auto-exploring this place.
 F = Levels seen in this place.
 G = Mean time per level.
                   A        B        C        D        E       F      G
               +--------+--------+--------+--------+--------+-----+--------+
         Total |   3879 |   3726 |    153 |     52 |   2806 |   6 |  646.5 |
       Dungeon |   3674 |   3557 |    117 |     52 |   2637 |   5 |  734.8 |
        Temple |    205 |    169 |     36 |      0 |    169 |   1 |  205.0 |
               +--------+--------+--------+--------+--------+-----+--------+

Top non-repeatable levels by time:
     D:5: 987 daAuts
     D:2: 762 daAuts
     D:3: 704 daAuts
     D:4: 652 daAuts
     D:1: 567 daAuts
  Temple: 205 daAuts
